[ PARTIDA AOE2 · #487876624 ]
UnrankedSarracenos vs Gurjaras
[ ANÁLISIS DE REPETICIÓN · EXTRAÍDO DE LA PARTIDA GRABADA ]
Feudal
9:49
Castillos
24:19
Imperial
—
| APM promedio | 49.4 |
| APM pico | 96 |
| eAPM promedio | 24.4 |
| Aldeanos / militares | 77 / 27 |
Foco
⚔️ 17.7% · 🌾 82.3%
Skirmisher ×15 · Spearman ×5 · Scout Cavalry ×3 · Archer ×2 · Mangonel ×2
Feudal
11:32
Castillos
17:44
Imperial
—
| APM promedio | 25.6 |
| APM pico | 55 |
| eAPM promedio | 11.8 |
| Aldeanos / militares | 46 / 12 |
Foco
⚔️ 15.6% · 🌾 84.4%
Chakram Thrower ×11 · Monk ×1
Feudal
9:21
Castillos
21:14
Imperial
—
| APM promedio | 26.4 |
| APM pico | 68 |
| eAPM promedio | 15.4 |
| Aldeanos / militares | 86 / 43 |
Foco
⚔️ 27.3% · 🌾 72.7%
Knight ×27 · Scout Cavalry ×14 · Militia ×2
Feudal
9:19
Castillos
26:03
Imperial
—
| APM promedio | 39.7 |
| APM pico | 83 |
| eAPM promedio | 12.8 |
| Aldeanos / militares | 47 / 36 |
Foco
⚔️ 28.0% · 🌾 72.0%
Spearman ×13 · Skirmisher ×13 · Steppe Lancer ×6 · Archer ×4
Feudal
9:23
Castillos
27:19
Imperial
—
| APM promedio | 35.0 |
| APM pico | 81 |
| eAPM promedio | 18.5 |
| Aldeanos / militares | 59 / 30 |
Foco
⚔️ 22.3% · 🌾 77.7%
Archer ×14 · Skirmisher ×12 · Spearman ×4
Feudal
10:22
Castillos
25:15
Imperial
—
| APM promedio | 23.8 |
| APM pico | 53 |
| eAPM promedio | 11.7 |
| Aldeanos / militares | 48 / 34 |
Foco
⚔️ 30.2% · 🌾 69.8%
Archer ×33 · Knight ×1
Mapa de la partida
Recursos iniciales + cada clic de construcción. Líneas = muros · curvas = relieve. ◆ oro · ⬟ piedra · ● bayas · ✦ reliquia · ◌ hueco del cierre
Tu base· ✓ Cerrada en 24:19 · 54t muro · 3 puerta(s)
Base de Sir K· ✓ Cerrada en 17:44 · 56t muro · 1 puerta(s)
Base de LMG_Leonardo· ✓ Cerrada en 21:14 · 72t muro · sin puerta
Base de Gordi· ✓ Cerrada en 26:03 · 68t muro · 1 puerta(s)
Base de LMG_SON SABANDIJAS· Abierta — hueco de 1t
Base de maxiw12· ✓ Cerrada en 25:15 · 67t muro · 2 puerta(s)
Terreno inicial suavizado · ◌ = hueco del cierre detectado · pasá el cursor para detalles
Inputs por minuto
— LMG_HERA DE TEMU - - Sir K
Build order — LMG_HERA DE TEMU
Primeras 150 de 182 acciones detectadas
| 0:02 | Crear | Villager (Male) |
| 0:02 | Crear | Villager (Male) |
| 0:02 | Crear | Villager (Male) |
| 0:02 | Crear | Villager (Male) |
| 0:02 | Crear | Villager (Male) |
| 0:04 | Construir | House |
| 0:05 | Construir | House |
| 1:15 | Construir | House |
| 1:24 | Crear | Villager (Male) |
| 1:25 | Crear | Villager (Male) |
| 1:25 | Crear | Villager (Male) |
| 1:57 | Construir | Lumber Camp |
| 2:15 | Crear | Villager (Male) |
| 2:16 | Crear | Villager (Male) |
| 2:16 | Crear | Villager (Male) |
| 2:27 | Crear | Villager (Male) |
| 2:27 | Crear | Villager (Male) |
| 2:27 | Crear | Villager (Male) |
| 2:59 | Crear | Villager (Male) |
| 2:59 | Crear | Villager (Male) |
| 3:00 | Crear | Villager (Male) |
| 3:18 | Crear | Villager (Male) |
| 3:19 | Crear | Villager (Male) |
| 3:19 | Crear | Villager (Male) |
| 3:47 | Crear | Villager (Male) |
| 3:47 | Crear | Villager (Male) |
| 3:48 | Crear | Villager (Male) |
| 4:04 | Construir | Mill |
| 4:06 | Crear | Villager (Male) |
| 4:06 | Crear | Villager (Male) |
| 4:07 | Crear | Villager (Male) |
| 4:28 | Construir | House |
| 4:36 | Construir | House |
| 4:41 | Crear | Villager (Male) |
| 4:42 | Crear | Villager (Male) |
| 4:42 | Crear | Villager (Male) |
| 4:42 | Crear | Villager (Male) |
| 5:37 | Crear | Villager (Male) |
| 5:37 | Crear | Villager (Male) |
| 6:24 | Crear | Villager (Male) |
| 6:24 | Crear | Villager (Male) |
| 7:14 | Investigar | Loom |
| 7:23 | Construir | Palisade Wall |
| 7:30 | Construir | Palisade Wall |
| 7:31 | Construir | Palisade Wall |
| 7:37 | Investigar | Feudal Age |
| 7:49 | Construir | Lumber Camp |
| 8:35 | Construir | House |
| 8:38 | Construir | Palisade Wall |
| 8:43 | Construir | Palisade Wall |
| 8:46 | Construir | Palisade Gate |
| 8:51 | Construir | Palisade Wall |
| 8:59 | Construir | Palisade Wall |
| 9:04 | Crear | Villager (Male) |
| 9:05 | Crear | Villager (Male) |
| 9:45 | Construir | Barracks |
| 9:47 | Construir | Palisade Wall |
| 9:49 | Edad | Edad Feudal |
| 9:55 | Construir | Palisade Wall |
| 10:12 | Construir | Palisade Wall |
| 10:14 | Crear | Villager (Male) |
| 10:14 | Crear | Villager (Male) |
| 10:45 | Construir | Stable |
| 10:53 | Construir | House |
| 11:01 | Crear | Villager (Male) |
| 11:01 | Crear | Villager (Male) |
| 11:14 | Construir | Palisade Gate |
| 11:18 | Crear | Villager (Male) |
| 11:18 | Crear | Villager (Male) |
| 11:40 | Construir | Mill |
| 11:41 | Crear | Scout Cavalry |
| 11:42 | Crear | Scout Cavalry |
| 11:50 | Construir | House |
| 11:51 | Construir | House |
| 11:52 | Construir | House |
| 12:07 | Construir | Farm |
| 12:21 | Construir | Farm |
| 12:24 | Construir | Farm |
| 12:53 | Construir | Farm |
| 12:55 | Construir | Farm |
| 13:00 | Construir | Farm |
| 13:06 | Construir | House |
| 13:09 | Construir | House |
| 13:19 | Crear | Scout Cavalry |
| 13:21 | Crear | Spearman |
| 13:26 | Crear | Villager (Male) |
| 13:27 | Crear | Villager (Male) |
| 13:27 | Crear | Villager (Male) |
| 13:29 | Construir | Farm |
| 13:30 | Construir | Farm |
| 13:40 | Construir | House |
| 13:44 | Construir | House |
| 13:49 | Crear | Villager (Male) |
| 13:50 | Crear | Villager (Male) |
| 14:01 | Crear | Villager (Male) |
| 14:02 | Crear | Villager (Male) |
| 14:04 | Construir | Farm |
| 14:05 | Construir | Farm |
| 14:40 | Crear | Villager (Male) |
| 14:40 | Crear | Villager (Male) |
| 14:43 | Construir | Mining Camp |
| 14:56 | Crear | Villager (Male) |
| 14:56 | Crear | Villager (Male) |
| 15:36 | Construir | Archery Range |
| 15:51 | Construir | Blacksmith |
| 15:59 | Construir | Blacksmith |
| 16:03 | Crear | Villager (Male) |
| 16:03 | Crear | Villager (Male) |
| 16:04 | Crear | Villager (Male) |
| 16:16 | Crear | Skirmisher |
| 16:17 | Crear | Skirmisher |
| 16:39 | Crear | Skirmisher |
| 16:39 | Crear | Skirmisher |
| 17:06 | Construir | House |
| 17:08 | Construir | House |
| 17:23 | Crear | Villager (Male) |
| 17:23 | Crear | Villager (Male) |
| 17:51 | Crear | Skirmisher |
| 17:51 | Crear | Skirmisher |
| 17:55 | Crear | Villager (Male) |
| 17:55 | Crear | Villager (Male) |
| 17:55 | Crear | Villager (Male) |
| 18:01 | Construir | Watch Tower |
| 18:21 | Construir | Palisade Gate |
| 18:26 | Construir | Palisade Wall |
| 18:34 | Crear | Archer |
| 18:34 | Crear | Archer |
| 18:36 | Crear | Skirmisher |
| 18:36 | Crear | Skirmisher |
| 18:44 | Crear | Villager (Male) |
| 18:44 | Crear | Villager (Male) |
| 19:04 | Crear | Villager (Male) |
| 19:04 | Crear | Villager (Male) |
| 20:41 | Construir | Market |
| 20:45 | Crear | Skirmisher |
| 20:45 | Crear | Skirmisher |
| 20:46 | Crear | Skirmisher |
| 20:50 | Construir | Archery Range |
| 21:16 | Investigar | Fletching |
| 21:34 | Crear | Skirmisher |
| 21:34 | Crear | Skirmisher |
| 21:39 | Investigar | Castle Age |
| 21:39 | Investigar | Castle Age |
| 21:40 | Investigar | Castle Age |
| 21:48 | Investigar | Padded Archer Armor |
| 21:54 | Construir | Palisade Gate |
| 22:47 | Crear | Spearman |
| 22:47 | Crear | Spearman |
| 22:47 | Crear | Spearman |
| 22:47 | Crear | Spearman |
Build order — Sir K
136 acciones detectadas en el replay
| 0:03 | Crear | Villager (Male) |
| 0:03 | Crear | Villager (Male) |
| 0:04 | Construir | House |
| 0:06 | Construir | House |
| 0:19 | Investigar | Loom |
| 0:20 | Crear | Villager (Male) |
| 0:20 | Crear | Villager (Male) |
| 0:39 | Construir | Mill |
| 1:40 | Crear | Villager (Male) |
| 2:23 | Crear | Villager (Male) |
| 2:24 | Crear | Villager (Male) |
| 3:10 | Crear | Villager (Male) |
| 3:57 | Crear | Villager (Male) |
| 3:57 | Crear | Villager (Male) |
| 3:57 | Crear | Villager (Male) |
| 4:00 | Crear | Villager (Male) |
| 4:10 | Construir | House |
| 4:22 | Crear | Villager (Male) |
| 4:23 | Crear | Villager (Male) |
| 4:56 | Construir | Palisade Wall |
| 5:03 | Crear | Villager (Male) |
| 5:03 | Crear | Villager (Male) |
| 5:03 | Crear | Villager (Male) |
| 5:33 | Construir | Palisade Wall |
| 5:38 | Construir | Palisade Wall |
| 6:15 | Crear | Villager (Male) |
| 6:16 | Crear | Villager (Male) |
| 6:16 | Crear | Villager (Male) |
| 6:16 | Crear | Villager (Male) |
| 6:28 | Construir | House |
| 7:44 | Construir | Mill |
| 8:05 | Construir | House |
| 8:10 | Construir | Palisade Wall |
| 8:49 | Construir | Lumber Camp |
| 9:00 | Construir | House |
| 9:02 | Construir | House |
| 9:06 | Construir | Palisade Wall |
| 9:22 | Investigar | Feudal Age |
| 10:21 | Construir | Mining Camp |
| 10:28 | Construir | House |
| 10:47 | Construir | Palisade Wall |
| 10:58 | Construir | Palisade Wall |
| 11:32 | Edad | Edad Feudal |
| 11:33 | Construir | House |
| 11:41 | Crear | Villager (Male) |
| 11:43 | Crear | Villager (Male) |
| 11:43 | Crear | Villager (Male) |
| 12:08 | Construir | Blacksmith |
| 12:36 | Construir | Palisade Wall |
| 12:58 | Construir | Mill |
| 13:15 | Crear | Villager (Male) |
| 13:17 | Crear | Villager (Male) |
| 13:51 | Construir | Market |
| 14:39 | Crear | Villager (Male) |
| 14:40 | Investigar | Castle Age |
| 14:46 | Construir | Mining Camp |
| 15:03 | Construir | Gate |
| 15:07 | Construir | House |
| 15:08 | Construir | House |
| 15:24 | Construir | Mill |
| 15:33 | Investigar | Double-Bit Axe |
| 16:40 | Crear | Villager (Male) |
| 16:40 | Crear | Villager (Male) |
| 17:44 | Edad | Edad de los Castillos |
| 17:55 | Construir | Mill |
| 18:01 | Crear | Villager (Male) |
| 18:14 | Construir | Monastery |
| 18:39 | Construir | Farm |
| 18:48 | Crear | Villager (Male) |
| 18:48 | Crear | Villager (Male) |
| 19:30 | Construir | Farm |
| 19:30 | Construir | Farm |
| 19:33 | Investigar | Horse Collar |
| 19:35 | Investigar | Bow Saw |
| 19:38 | Investigar | Gold Mining |
| 19:42 | Crear | Villager (Male) |
| 19:43 | Crear | Villager (Male) |
| 20:42 | Crear | Villager (Male) |
| 20:42 | Crear | Villager (Male) |
| 20:56 | Crear | Monk |
| 21:18 | Construir | Farm |
| 21:18 | Construir | Farm |
| 21:18 | Construir | Farm |
| 21:19 | Construir | Farm |
| 21:19 | Construir | Farm |
| 21:19 | Construir | Farm |
| 21:19 | Construir | Farm |
| 21:20 | Construir | Farm |
| 21:21 | Construir | Farm |
| 21:22 | Construir | Farm |
| 21:22 | Construir | Farm |
| 21:22 | Construir | Farm |
| 21:23 | Construir | Farm |
| 21:51 | Crear | Villager (Male) |
| 21:51 | Crear | Villager (Male) |
| 22:10 | Investigar | Wheelbarrow |
| 22:13 | Crear | Villager (Male) |
| 22:16 | Construir | Farm |
| 22:48 | Construir | Castle |
| 23:18 | Construir | Castle |
| 23:29 | Investigar | Town Watch |
| 23:40 | Construir | House |
| 23:52 | Construir | House |
| 24:06 | Construir | Farm |
| 24:06 | Construir | Farm |
| 24:06 | Construir | Farm |
| 24:49 | Crear | Villager (Male) |
| 24:49 | Crear | Villager (Male) |
| 24:50 | Crear | Villager (Male) |
| 25:06 | Crear | Chakram Thrower |
| 25:06 | Crear | Chakram Thrower |
| 25:06 | Crear | Chakram Thrower |
| 25:07 | Crear | Chakram Thrower |
| 25:08 | Crear | Chakram Thrower |
| 25:09 | Crear | Chakram Thrower |
| 25:15 | Construir | Siege Workshop |
| 25:17 | Construir | Mining Camp |
| 25:21 | Crear | Chakram Thrower |
| 25:22 | Crear | Chakram Thrower |
| 25:49 | Investigar | Hand Cart |
| 25:49 | Crear | Villager (Male) |
| 25:50 | Crear | Villager (Male) |
| 26:06 | Construir | Lumber Camp |
| 26:11 | Construir | House |
| 26:14 | Construir | House |
| 26:25 | Construir | House |
| 26:51 | Construir | House |
| 26:54 | Construir | House |
| 26:59 | Construir | House |
| 27:03 | Crear | Villager (Male) |
| 27:03 | Crear | Villager (Male) |
| 27:16 | Construir | House |
| 27:23 | Construir | House |
| 27:37 | Crear | Chakram Thrower |
| 27:38 | Crear | Chakram Thrower |
| 27:38 | Crear | Chakram Thrower |
Build order — LMG_Leonardo
Primeras 150 de 206 acciones detectadas
| 0:01 | Crear | Villager (Male) |
| 0:01 | Crear | Villager (Male) |
| 0:01 | Crear | Villager (Male) |
| 0:02 | Crear | Villager (Male) |
| 0:02 | Construir | House |
| 0:04 | Construir | House |
| 0:49 | Crear | Villager (Male) |
| 0:49 | Crear | Villager (Male) |
| 1:30 | Crear | Villager (Male) |
| 1:30 | Crear | Villager (Male) |
| 1:44 | Construir | Mill |
| 2:07 | Crear | Villager (Male) |
| 2:08 | Crear | Villager (Male) |
| 2:37 | Crear | Villager (Male) |
| 2:37 | Crear | Villager (Male) |
| 2:49 | Crear | Villager (Male) |
| 2:49 | Crear | Villager (Male) |
| 3:10 | Crear | Villager (Male) |
| 3:20 | Construir | House |
| 3:30 | Crear | Villager (Male) |
| 3:30 | Crear | Villager (Male) |
| 3:51 | Crear | Villager (Male) |
| 3:51 | Crear | Villager (Male) |
| 3:51 | Crear | Villager (Male) |
| 3:58 | Construir | House |
| 4:50 | Construir | Mill |
| 5:11 | Crear | Villager (Male) |
| 5:11 | Crear | Villager (Male) |
| 5:11 | Crear | Villager (Male) |
| 5:11 | Crear | Villager (Male) |
| 6:14 | Construir | Lumber Camp |
| 6:21 | Crear | Villager (Male) |
| 6:21 | Investigar | Loom |
| 7:17 | Investigar | Feudal Age |
| 7:17 | Investigar | Feudal Age |
| 8:24 | Construir | Palisade Wall |
| 8:36 | Construir | Palisade Wall |
| 8:43 | Construir | Palisade Wall |
| 8:51 | Construir | Barracks |
| 8:57 | Crear | Villager (Male) |
| 8:57 | Crear | Villager (Male) |
| 9:21 | Edad | Edad Feudal |
| 9:28 | Investigar | Double-Bit Axe |
| 9:58 | Construir | Stable |
| 10:01 | Crear | Villager (Male) |
| 10:04 | Construir | House |
| 10:07 | Crear | Militia |
| 10:07 | Crear | Militia |
| 10:11 | Construir | House |
| 10:15 | Crear | Villager (Male) |
| 10:34 | Construir | Palisade Wall |
| 10:36 | Construir | Palisade Wall |
| 10:40 | Investigar | Horse Collar |
| 10:40 | Investigar | Horse Collar |
| 10:43 | Crear | Villager (Male) |
| 10:44 | Crear | Scout Cavalry |
| 10:45 | Crear | Scout Cavalry |
| 11:11 | Crear | Villager (Male) |
| 11:16 | Construir | Palisade Wall |
| 11:35 | Crear | Villager (Male) |
| 11:35 | Crear | Villager (Male) |
| 11:38 | Construir | Farm |
| 11:38 | Construir | Farm |
| 11:38 | Construir | Farm |
| 11:43 | Construir | Farm |
| 11:44 | Construir | Farm |
| 11:52 | Construir | Palisade Wall |
| 11:55 | Construir | Palisade Wall |
| 12:04 | Crear | Villager (Male) |
| 12:04 | Crear | Villager (Male) |
| 12:19 | Crear | Villager (Male) |
| 12:20 | Crear | Villager (Male) |
| 12:29 | Construir | Farm |
| 12:38 | Construir | Farm |
| 12:45 | Construir | House |
| 12:55 | Construir | House |
| 12:56 | Construir | House |
| 12:58 | Crear | Villager (Male) |
| 12:58 | Crear | Villager (Male) |
| 13:02 | Construir | Farm |
| 13:23 | Construir | Farm |
| 13:24 | Construir | Farm |
| 13:27 | Construir | Farm |
| 13:29 | Crear | Villager (Male) |
| 13:41 | Construir | Palisade Wall |
| 13:52 | Crear | Villager (Male) |
| 13:57 | Construir | House |
| 13:58 | Construir | House |
| 14:02 | Construir | Farm |
| 14:03 | Crear | Villager (Male) |
| 14:15 | Crear | Villager (Male) |
| 14:18 | Construir | Farm |
| 14:41 | Crear | Scout Cavalry |
| 14:41 | Crear | Scout Cavalry |
| 14:41 | Crear | Scout Cavalry |
| 15:04 | Construir | House |
| 15:16 | Construir | Stable |
| 15:23 | Construir | Mining Camp |
| 15:24 | Crear | Villager (Male) |
| 15:25 | Crear | Villager (Male) |
| 15:33 | Construir | Farm |
| 15:36 | Construir | Farm |
| 15:48 | Construir | Farm |
| 15:49 | Crear | Villager (Male) |
| 15:49 | Crear | Villager (Male) |
| 15:51 | Crear | Scout Cavalry |
| 15:51 | Crear | Scout Cavalry |
| 15:51 | Crear | Scout Cavalry |
| 16:10 | Crear | Scout Cavalry |
| 16:11 | Crear | Scout Cavalry |
| 16:20 | Crear | Villager (Male) |
| 16:20 | Crear | Villager (Male) |
| 16:21 | Crear | Villager (Male) |
| 16:21 | Crear | Villager (Male) |
| 16:30 | Construir | Farm |
| 16:43 | Construir | Blacksmith |
| 17:20 | Construir | House |
| 17:21 | Construir | House |
| 17:22 | Construir | House |
| 18:21 | Crear | Villager (Male) |
| 18:38 | Investigar | Castle Age |
| 19:02 | Investigar | Bloodlines |
| 19:23 | Construir | Farm |
| 19:34 | Investigar | Scale Barding Armor |
| 19:35 | Crear | Scout Cavalry |
| 19:35 | Crear | Scout Cavalry |
| 19:42 | Construir | Farm |
| 19:42 | Construir | Farm |
| 19:43 | Construir | Farm |
| 19:43 | Construir | Farm |
| 19:44 | Construir | Farm |
| 19:45 | Construir | Farm |
| 19:46 | Construir | Farm |
| 20:14 | Investigar | Forging |
| 20:25 | Crear | Villager (Male) |
| 20:25 | Crear | Villager (Male) |
| 20:25 | Crear | Villager (Male) |
| 20:30 | Crear | Scout Cavalry |
| 20:30 | Crear | Scout Cavalry |
| 21:14 | Edad | Edad de los Castillos |
| 21:21 | Crear | Villager (Male) |
| 21:22 | Crear | Knight |
| 21:22 | Crear | Knight |
| 21:23 | Crear | Knight |
| 21:23 | Crear | Knight |
| 21:23 | Crear | Knight |
| 21:47 | Construir | Town Center |
| 21:53 | Crear | Villager (Male) |
| 21:54 | Crear | Villager (Male) |
| 22:04 | Construir | Lumber Camp |
Build order — Gordi
150 acciones detectadas en el replay
| 0:00 | Crear | Villager (Male) |
| 0:01 | Crear | Villager (Male) |
| 0:01 | Crear | Villager (Male) |
| 0:01 | Crear | Villager (Male) |
| 0:03 | Construir | House |
| 0:04 | Construir | House |
| 1:27 | Crear | Villager (Male) |
| 1:56 | Construir | Lumber Camp |
| 2:04 | Crear | Villager (Male) |
| 2:19 | Crear | Villager (Male) |
| 2:49 | Crear | Villager (Male) |
| 3:02 | Crear | Villager (Male) |
| 3:37 | Crear | Villager (Male) |
| 3:40 | Construir | House |
| 4:14 | Crear | Villager (Male) |
| 4:15 | Crear | Villager (Male) |
| 4:33 | Crear | Villager (Male) |
| 5:18 | Crear | Villager (Male) |
| 5:36 | Construir | Mill |
| 5:42 | Crear | Villager (Male) |
| 5:58 | Construir | House |
| 6:04 | Construir | Palisade Wall |
| 6:07 | Crear | Villager (Male) |
| 6:30 | Crear | Villager (Male) |
| 6:36 | Construir | Palisade Wall |
| 6:59 | Investigar | Feudal Age |
| 7:15 | Investigar | Loom |
| 7:26 | Construir | Palisade Wall |
| 7:58 | Construir | Barracks |
| 8:05 | Construir | Palisade Wall |
| 8:36 | Construir | Palisade Wall |
| 8:40 | Construir | Palisade Wall |
| 8:49 | Construir | House |
| 9:19 | Edad | Edad Feudal |
| 9:25 | Construir | Archery Range |
| 9:26 | Crear | Villager (Male) |
| 9:32 | Construir | House |
| 9:44 | Construir | Palisade Wall |
| 9:53 | Construir | Palisade Wall |
| 9:58 | Construir | Palisade Wall |
| 9:59 | Crear | Villager (Male) |
| 10:00 | Crear | Spearman |
| 10:10 | Crear | Skirmisher |
| 10:11 | Crear | Skirmisher |
| 10:20 | Construir | Archery Range |
| 10:26 | Crear | Skirmisher |
| 10:29 | Crear | Villager (Male) |
| 11:05 | Crear | Villager (Male) |
| 11:08 | Construir | Farm |
| 11:08 | Construir | Farm |
| 11:09 | Construir | Farm |
| 11:30 | Construir | Palisade Wall |
| 11:41 | Crear | Skirmisher |
| 11:58 | Crear | Skirmisher |
| 12:08 | Construir | Farm |
| 12:09 | Construir | Farm |
| 12:54 | Crear | Skirmisher |
| 12:55 | Crear | Skirmisher |
| 12:56 | Crear | Archer |
| 12:58 | Crear | Archer |
| 13:21 | Crear | Villager (Male) |
| 13:21 | Crear | Villager (Male) |
| 13:25 | Construir | Mining Camp |
| 13:29 | Crear | Spearman |
| 13:45 | Crear | Spearman |
| 13:52 | Crear | Villager (Male) |
| 13:54 | Construir | House |
| 13:54 | Construir | House |
| 14:02 | Construir | House |
| 14:25 | Crear | Skirmisher |
| 14:26 | Crear | Skirmisher |
| 14:27 | Crear | Villager (Male) |
| 14:29 | Crear | Villager (Male) |
| 14:31 | Construir | House |
| 14:32 | Construir | House |
| 14:37 | Construir | House |
| 14:59 | Investigar | Double-Bit Axe |
| 15:43 | Crear | Skirmisher |
| 15:43 | Crear | Skirmisher |
| 15:47 | Crear | Spearman |
| 16:23 | Crear | Archer |
| 16:24 | Crear | Archer |
| 16:25 | Crear | Villager (Male) |
| 16:25 | Crear | Spearman |
| 16:33 | Construir | Blacksmith |
| 16:36 | Crear | Villager (Male) |
| 16:40 | Construir | House |
| 16:59 | Crear | Villager (Male) |
| 17:00 | Crear | Skirmisher |
| 17:01 | Crear | Skirmisher |
| 17:11 | Construir | Farm |
| 17:13 | Construir | Farm |
| 17:23 | Crear | Villager (Male) |
| 17:26 | Construir | House |
| 17:28 | Investigar | Fletching |
| 17:43 | Crear | Villager (Male) |
| 17:44 | Construir | Farm |
| 18:33 | Crear | Villager (Male) |
| 18:33 | Crear | Villager (Male) |
| 18:34 | Construir | Farm |
| 18:50 | Crear | Spearman |
| 18:51 | Crear | Spearman |
| 19:01 | Construir | House |
| 19:07 | Crear | Villager (Male) |
| 19:09 | Construir | Farm |
| 19:10 | Construir | Farm |
| 19:52 | Crear | Villager (Male) |
| 19:53 | Crear | Villager (Male) |
| 19:57 | Construir | Farm |
| 20:01 | Investigar | Wheelbarrow |
| 20:39 | Crear | Spearman |
| 20:40 | Crear | Spearman |
| 21:36 | Crear | Spearman |
| 21:36 | Crear | Spearman |
| 21:37 | Crear | Villager (Male) |
| 21:38 | Crear | Villager (Male) |
| 21:59 | Construir | Market |
| 22:17 | Construir | Palisade Gate |
| 22:49 | Construir | Farm |
| 22:52 | Construir | Farm |
| 22:53 | Construir | Farm |
| 23:06 | Construir | Mining Camp |
| 23:14 | Construir | House |
| 23:23 | Investigar | Castle Age |
| 23:50 | Construir | Palisade Wall |
| 24:11 | Construir | Stable |
| 24:32 | Crear | Villager (Male) |
| 24:32 | Crear | Villager (Male) |
| 24:48 | Crear | Spearman |
| 24:49 | Crear | Spearman |
| 25:42 | Construir | Stable |
| 25:45 | Crear | Villager (Male) |
| 25:46 | Crear | Villager (Male) |
| 26:03 | Edad | Edad de los Castillos |
| 26:06 | Construir | House |
| 26:10 | Construir | Palisade Wall |
| 26:12 | Crear | Villager (Male) |
| 26:14 | Crear | Villager (Male) |
| 26:29 | Crear | Steppe Lancer |
| 26:29 | Crear | Steppe Lancer |
| 26:36 | Investigar | Scale Barding Armor |
| 26:43 | Construir | Castle |
| 26:56 | Crear | Steppe Lancer |
| 26:56 | Crear | Steppe Lancer |
| 26:58 | Crear | Villager (Male) |
| 26:59 | Crear | Villager (Male) |
| 27:16 | Investigar | Horse Collar |
| 27:25 | Crear | Villager (Male) |
| 27:49 | Crear | Steppe Lancer |
| 27:49 | Crear | Steppe Lancer |
Build order — LMG_SON SABANDIJAS
145 acciones detectadas en el replay
| 0:01 | Crear | Villager (Male) |
| 0:01 | Crear | Villager (Male) |
| 0:02 | Construir | House |
| 0:04 | Construir | House |
| 0:15 | Crear | Villager (Male) |
| 0:15 | Crear | Villager (Male) |
| 0:15 | Crear | Villager (Male) |
| 1:33 | Crear | Villager (Male) |
| 1:34 | Crear | Villager (Male) |
| 2:02 | Crear | Villager (Male) |
| 2:06 | Crear | Villager (Male) |
| 2:07 | Crear | Villager (Male) |
| 2:18 | Construir | Lumber Camp |
| 2:39 | Crear | Villager (Male) |
| 2:39 | Crear | Villager (Male) |
| 2:39 | Crear | Villager (Male) |
| 3:01 | Crear | Villager (Male) |
| 3:02 | Crear | Villager (Male) |
| 3:06 | Construir | House |
| 3:28 | Crear | Villager (Male) |
| 3:28 | Crear | Villager (Male) |
| 3:57 | Crear | Villager (Male) |
| 3:57 | Crear | Villager (Male) |
| 4:03 | Construir | Palisade Wall |
| 4:18 | Crear | Villager (Male) |
| 4:19 | Crear | Villager (Male) |
| 4:39 | Crear | Villager (Male) |
| 5:01 | Crear | Villager (Male) |
| 5:02 | Crear | Villager (Male) |
| 5:08 | Construir | Mill |
| 5:17 | Crear | Villager (Male) |
| 5:17 | Crear | Villager (Male) |
| 6:07 | Investigar | Loom |
| 7:13 | Investigar | Feudal Age |
| 7:14 | Investigar | Feudal Age |
| 7:30 | Construir | Lumber Camp |
| 7:54 | Construir | Mining Camp |
| 9:04 | Construir | Barracks |
| 9:13 | Construir | House |
| 9:23 | Edad | Edad Feudal |
| 9:27 | Investigar | Double-Bit Axe |
| 9:27 | Investigar | Double-Bit Axe |
| 9:35 | Crear | Villager (Male) |
| 9:35 | Crear | Villager (Male) |
| 9:36 | Crear | Villager (Male) |
| 10:02 | Construir | Archery Range |
| 10:08 | Crear | Spearman |
| 10:08 | Crear | Spearman |
| 10:17 | Crear | Villager (Male) |
| 10:17 | Crear | Villager (Male) |
| 10:44 | Construir | House |
| 10:49 | Construir | Palisade Wall |
| 10:51 | Construir | Palisade Wall |
| 10:54 | Crear | Archer |
| 10:54 | Crear | Archer |
| 10:54 | Crear | Archer |
| 11:04 | Construir | House |
| 11:08 | Construir | Palisade Wall |
| 11:22 | Crear | Archer |
| 11:27 | Crear | Spearman |
| 11:32 | Crear | Villager (Male) |
| 11:46 | Construir | Archery Range |
| 11:50 | Crear | Villager (Male) |
| 11:50 | Crear | Villager (Male) |
| 12:03 | Crear | Villager (Male) |
| 12:06 | Crear | Archer |
| 12:06 | Crear | Archer |
| 12:07 | Crear | Archer |
| 12:14 | Construir | House |
| 12:20 | Construir | Palisade Gate |
| 12:46 | Crear | Skirmisher |
| 12:46 | Crear | Skirmisher |
| 13:01 | Crear | Skirmisher |
| 13:43 | Construir | Farm |
| 13:52 | Crear | Archer |
| 13:53 | Crear | Archer |
| 14:01 | Construir | Farm |
| 14:04 | Construir | Farm |
| 14:04 | Construir | Farm |
| 14:05 | Crear | Villager (Male) |
| 14:14 | Construir | House |
| 14:23 | Construir | House |
| 14:26 | Construir | House |
| 14:34 | Crear | Skirmisher |
| 14:35 | Crear | Skirmisher |
| 15:02 | Construir | Watch Tower |
| 15:09 | Construir | Market |
| 16:05 | Construir | Watch Tower |
| 16:46 | Crear | Skirmisher |
| 16:47 | Crear | Skirmisher |
| 17:31 | Construir | Farm |
| 17:31 | Construir | Farm |
| 17:31 | Construir | Farm |
| 17:32 | Construir | Farm |
| 17:32 | Construir | Farm |
| 19:49 | Crear | Villager (Male) |
| 19:49 | Crear | Villager (Male) |
| 20:04 | Crear | Villager (Male) |
| 20:05 | Crear | Villager (Male) |
| 20:35 | Crear | Villager (Male) |
| 20:35 | Crear | Villager (Male) |
| 21:19 | Crear | Villager (Male) |
| 21:19 | Crear | Villager (Male) |
| 21:29 | Crear | Villager (Male) |
| 21:34 | Construir | Farm |
| 21:34 | Construir | Farm |
| 21:38 | Construir | Farm |
| 21:47 | Crear | Villager (Male) |
| 21:47 | Crear | Villager (Male) |
| 21:57 | Construir | Market |
| 22:16 | Construir | Blacksmith |
| 22:23 | Crear | Villager (Male) |
| 22:24 | Crear | Villager (Male) |
| 22:24 | Crear | Villager (Male) |
| 22:29 | Construir | Farm |
| 22:39 | Construir | Farm |
| 22:46 | Crear | Villager (Male) |
| 23:00 | Crear | Villager (Male) |
| 23:01 | Crear | Villager (Male) |
| 23:07 | Construir | Farm |
| 23:07 | Construir | Farm |
| 23:07 | Construir | Farm |
| 23:07 | Construir | Farm |
| 23:56 | Crear | Villager (Male) |
| 23:57 | Crear | Villager (Male) |
| 23:57 | Crear | Villager (Male) |
| 24:03 | Crear | Villager (Male) |
| 24:21 | Investigar | Castle Age |
| 24:58 | Construir | House |
| 24:59 | Construir | House |
| 25:52 | Crear | Villager (Male) |
| 25:53 | Crear | Villager (Male) |
| 26:02 | Crear | Skirmisher |
| 26:02 | Crear | Skirmisher |
| 26:02 | Crear | Skirmisher |
| 26:02 | Crear | Skirmisher |
| 26:03 | Crear | Skirmisher |
| 26:13 | Crear | Archer |
| 26:14 | Crear | Archer |
| 26:14 | Crear | Archer |
| 26:14 | Crear | Archer |
| 26:14 | Crear | Archer |
| 26:18 | Construir | House |
| 26:25 | Crear | Spearman |
| 27:19 | Edad | Edad de los Castillos |
Build order — maxiw12
149 acciones detectadas en el replay
| 0:02 | Crear | Villager (Male) |
| 0:02 | Crear | Villager (Male) |
| 0:02 | Crear | Villager (Male) |
| 0:02 | Crear | Villager (Male) |
| 0:04 | Construir | House |
| 0:08 | Construir | House |
| 1:30 | Crear | Villager (Male) |
| 1:56 | Crear | Villager (Male) |
| 2:24 | Crear | Villager (Male) |
| 3:12 | Crear | Villager (Male) |
| 3:13 | Crear | Villager (Male) |
| 3:23 | Construir | House |
| 3:25 | Construir | House |
| 3:27 | Crear | Villager (Male) |
| 3:38 | Crear | Villager (Male) |
| 4:30 | Construir | Palisade Wall |
| 4:34 | Construir | Palisade Wall |
| 4:39 | Construir | Palisade Gate |
| 4:40 | Crear | Villager (Male) |
| 4:49 | Crear | Villager (Male) |
| 4:59 | Construir | Lumber Camp |
| 5:24 | Crear | Villager (Male) |
| 5:25 | Crear | Villager (Male) |
| 5:25 | Crear | Villager (Male) |
| 6:04 | Construir | Palisade Wall |
| 6:21 | Crear | Villager (Male) |
| 6:35 | Construir | Palisade Wall |
| 6:43 | Construir | Mill |
| 7:07 | Crear | Villager (Male) |
| 7:08 | Crear | Villager (Male) |
| 7:25 | Investigar | Loom |
| 7:28 | Construir | House |
| 8:03 | Investigar | Feudal Age |
| 8:34 | Construir | Mining Camp |
| 8:45 | Construir | House |
| 8:51 | Construir | Palisade Wall |
| 9:34 | Crear | Villager (Male) |
| 9:35 | Crear | Villager (Male) |
| 9:37 | Construir | Barracks |
| 9:54 | Construir | House |
| 10:12 | Construir | Palisade Wall |
| 10:17 | Construir | Palisade Gate |
| 10:22 | Edad | Edad Feudal |
| 10:37 | Crear | Villager (Male) |
| 10:47 | Investigar | Double-Bit Axe |
| 10:55 | Construir | Archery Range |
| 11:02 | Crear | Villager (Male) |
| 11:09 | Crear | Villager (Male) |
| 11:23 | Construir | Palisade Gate |
| 11:26 | Crear | Villager (Male) |
| 11:35 | Construir | Farm |
| 11:47 | Construir | Palisade Wall |
| 11:51 | Construir | Palisade Wall |
| 11:52 | Construir | Palisade Wall |
| 11:53 | Construir | Palisade Wall |
| 11:56 | Crear | Villager (Male) |
| 11:58 | Crear | Archer |
| 11:58 | Crear | Archer |
| 11:58 | Crear | Archer |
| 12:23 | Construir | Archery Range |
| 12:28 | Crear | Archer |
| 12:40 | Crear | Archer |
| 12:58 | Crear | Villager (Male) |
| 13:02 | Construir | Farm |
| 13:19 | Crear | Archer |
| 13:21 | Crear | Archer |
| 13:25 | Construir | Palisade Wall |
| 13:30 | Construir | Farm |
| 13:41 | Construir | Farm |
| 13:47 | Crear | Villager (Male) |
| 13:48 | Crear | Villager (Male) |
| 13:51 | Crear | Archer |
| 13:51 | Crear | Archer |
| 14:05 | Crear | Villager (Male) |
| 14:27 | Construir | Blacksmith |
| 14:40 | Construir | House |
| 14:42 | Construir | Palisade Wall |
| 14:44 | Crear | Villager (Male) |
| 15:02 | Construir | Farm |
| 15:03 | Construir | Farm |
| 15:06 | Construir | House |
| 15:08 | Construir | House |
| 15:14 | Crear | Archer |
| 15:14 | Crear | Archer |
| 15:29 | Construir | Farm |
| 15:53 | Crear | Villager (Male) |
| 15:53 | Crear | Villager (Male) |
| 16:06 | Construir | Mining Camp |
| 16:09 | Construir | Farm |
| 16:17 | Crear | Archer |
| 16:41 | Investigar | Fletching |
| 16:44 | Construir | Farm |
| 16:45 | Construir | Farm |
| 16:48 | Crear | Villager (Male) |
| 16:50 | Crear | Villager (Male) |
| 17:18 | Crear | Villager (Male) |
| 17:37 | Crear | Archer |
| 17:37 | Crear | Archer |
| 17:37 | Crear | Archer |
| 17:39 | Crear | Villager (Male) |
| 18:02 | Crear | Archer |
| 18:02 | Crear | Archer |
| 18:03 | Crear | Archer |
| 18:06 | Construir | Farm |
| 18:07 | Construir | Farm |
| 18:09 | Construir | Farm |
| 18:09 | Construir | Farm |
| 18:14 | Crear | Villager (Male) |
| 18:15 | Investigar | Horse Collar |
| 18:40 | Crear | Villager (Male) |
| 18:45 | Construir | House |
| 18:46 | Construir | House |
| 18:50 | Construir | Market |
| 19:58 | Crear | Villager (Male) |
| 19:58 | Crear | Villager (Male) |
| 20:35 | Crear | Villager (Male) |
| 20:35 | Crear | Villager (Male) |
| 21:28 | Construir | Farm |
| 21:28 | Construir | Farm |
| 21:29 | Construir | Farm |
| 21:31 | Construir | Farm |
| 21:32 | Construir | Farm |
| 21:36 | Construir | Farm |
| 21:37 | Construir | Farm |
| 21:54 | Construir | Farm |
| 22:02 | Crear | Archer |
| 22:02 | Crear | Archer |
| 22:02 | Crear | Archer |
| 22:30 | Construir | Stable |
| 22:32 | Construir | Stable |
| 22:35 | Investigar | Castle Age |
| 22:50 | Crear | Archer |
| 22:50 | Crear | Archer |
| 22:50 | Crear | Archer |
| 22:51 | Investigar | Padded Archer Armor |
| 23:38 | Investigar | Gold Mining |
| 24:44 | Crear | Villager (Male) |
| 24:44 | Crear | Villager (Male) |
| 25:15 | Edad | Edad de los Castillos |
| 25:27 | Construir | Palisade Wall |
| 26:05 | Investigar | Crossbowman (upgrade) |
| 26:06 | Crear | Archer ×4 |
| 26:06 | Crear | Archer ×4 |
| 26:46 | Crear | Villager (Male) |
| 26:47 | Crear | Villager (Male) |
| 26:47 | Crear | Villager (Male) |
| 26:52 | Crear | Knight |
| 27:07 | Crear | Archer |
| 27:43 | Construir | Castle |
Cronología de la partida
| 4:03 | LMG_SON SABANDIJAS · wall_segment Palisade Wall x1 |
| 4:30 | maxiw12 · wall_segment Palisade Wall x5 |
| 4:34 | maxiw12 · wall_segment Palisade Wall x6 |
| 4:56 | Sir K · wall_segment Palisade Wall x3 |
| 5:33 | Sir K · wall_segment Palisade Wall x3 |
| 5:38 | Sir K · wall_segment Palisade Wall x6 |
| 6:04 | maxiw12 · wall_segment Palisade Wall x6 |
| 6:04 | Gordi · wall_segment Palisade Wall x6 |
| 6:35 | maxiw12 · wall_segment Palisade Wall x8 |
| 6:36 | Gordi · wall_segment Palisade Wall x11 |
| 7:23 | LMG_HERA DE TEMU · wall_segment Palisade Wall x8 |
| 7:26 | Gordi · wall_segment Palisade Wall x10 |
| 7:30 | LMG_HERA DE TEMU · wall_segment Palisade Wall x3 |
| 7:31 | LMG_HERA DE TEMU · wall_segment Palisade Wall x1 |
| 7:58 | Gordi · first_building Barracks |
| 8:05 | Gordi · wall_segment Palisade Wall x11 |
| 8:10 | Sir K · wall_segment Palisade Wall x5 |
| 8:24 | LMG_Leonardo · wall_segment Palisade Wall x1 |
| 8:36 | Gordi · wall_segment Palisade Wall x1 |
| 8:36 | LMG_Leonardo · wall_segment Palisade Wall x4 |
| 8:38 | LMG_HERA DE TEMU · wall_segment Palisade Wall x5 |
| 8:40 | Gordi · wall_segment Palisade Wall x1 |
| 8:43 | LMG_Leonardo · wall_segment Palisade Wall x7 |
| 8:43 | LMG_HERA DE TEMU · wall_segment Palisade Wall x1 |
| 8:51 | LMG_HERA DE TEMU · wall_segment Palisade Wall x9 |
| 8:51 | LMG_Leonardo · first_building Barracks |
| 8:51 | maxiw12 · wall_segment Palisade Wall x6 |
| 8:59 | LMG_HERA DE TEMU · wall_segment Palisade Wall x8 |
| 9:04 | LMG_SON SABANDIJAS · first_building Barracks |
| 9:06 | Sir K · wall_segment Palisade Wall x6 |
| 9:19 | Gordi · age_up feudal |
| 9:21 | LMG_Leonardo · age_up feudal |
| 9:23 | LMG_SON SABANDIJAS · age_up feudal |
| 9:25 | Gordi · first_building Archery Range |
| 9:37 | maxiw12 · first_building Barracks |
| 9:44 | Gordi · wall_segment Palisade Wall x8 |
| 9:45 | LMG_HERA DE TEMU · first_building Barracks |
| 9:47 | LMG_HERA DE TEMU · wall_segment Palisade Wall x1 |
| 9:49 | LMG_HERA DE TEMU · age_up feudal |
| 9:53 | Gordi · wall_segment Palisade Wall x15 |
| 9:55 | LMG_HERA DE TEMU · wall_segment Palisade Wall x10 |
| 9:58 | LMG_Leonardo · first_building Stable |
| 9:58 | Gordi · wall_segment Palisade Wall x6 |
| 10:02 | LMG_SON SABANDIJAS · first_building Archery Range |
| 10:12 | maxiw12 · wall_segment Palisade Wall x11 |
| 10:12 | LMG_HERA DE TEMU · wall_segment Palisade Wall x7 |
| 10:22 | maxiw12 · age_up feudal |
| 10:34 | LMG_Leonardo · wall_segment Palisade Wall x8 |
| 10:36 | LMG_Leonardo · wall_segment Palisade Wall x8 |
| 10:45 | LMG_HERA DE TEMU · first_building Stable |
| 10:47 | Sir K · wall_segment Palisade Wall x9 |
| 10:49 | LMG_SON SABANDIJAS · wall_segment Palisade Wall x9 |
| 10:51 | LMG_SON SABANDIJAS · wall_segment Palisade Wall x8 |
| 10:55 | maxiw12 · first_building Archery Range |
| 10:58 | Sir K · wall_segment Palisade Wall x11 |
| 11:08 | LMG_SON SABANDIJAS · wall_segment Palisade Wall x12 |
| 11:16 | LMG_Leonardo · wall_segment Palisade Wall x3 |
| 11:30 | Gordi · wall_segment Palisade Wall x1 |
| 11:32 | Sir K · age_up feudal |
| 11:47 | maxiw12 · wall_segment Palisade Wall x13 |
| 11:51 | maxiw12 · wall_segment Palisade Wall x3 |
| 11:52 | LMG_Leonardo · wall_segment Palisade Wall x23 |
| 11:52 | maxiw12 · wall_segment Palisade Wall x1 |
| 11:53 | maxiw12 · wall_segment Palisade Wall x1 |
| 11:55 | LMG_Leonardo · wall_segment Palisade Wall x11 |
| 12:36 | Sir K · wall_segment Palisade Wall x13 |
| 13:25 | maxiw12 · wall_segment Palisade Wall x6 |
| 13:41 | LMG_Leonardo · wall_segment Palisade Wall x8 |
| 14:42 | maxiw12 · wall_segment Palisade Wall x3 |
| 15:36 | LMG_HERA DE TEMU · first_building Archery Range |
| 15:53 | LMG_SON SABANDIJAS · first_market_buy 100 stone |
| 17:44 | Sir K · age_up castle |
| 18:14 | Sir K · first_building Monastery |
| 18:26 | LMG_HERA DE TEMU · wall_segment Palisade Wall x1 |
| 21:14 | LMG_Leonardo · age_up castle |
| 21:37 | LMG_HERA DE TEMU · first_market_buy 100 food |
| 22:30 | maxiw12 · first_building Stable |
| 22:48 | Sir K · first_building Castle |
| 23:20 | Gordi · first_market_buy 100 food |
| 23:50 | Gordi · wall_segment Palisade Wall x1 |
| 24:11 | Gordi · first_building Stable |
| 24:17 | LMG_SON SABANDIJAS · first_market_sell 100 wood |
| 24:19 | LMG_HERA DE TEMU · age_up castle |
| 25:15 | Sir K · first_building Siege Workshop |
| 25:15 | maxiw12 · age_up castle |
| 25:27 | maxiw12 · wall_segment Palisade Wall x3 |
| 25:30 | LMG_HERA DE TEMU · first_building Siege Workshop |
| 26:03 | Gordi · age_up castle |
| 26:10 | Gordi · wall_segment Palisade Wall x1 |
| 26:40 | Sir K · first_market_buy 100 wood |
| 26:43 | Gordi · first_building Castle |
| 27:19 | LMG_SON SABANDIJAS · age_up castle |
| 27:26 | LMG_HERA DE TEMU · resign |
| 27:43 | maxiw12 · first_building Castle |
[ ANÁLISIS IA · 1 CRÉDITO ]
¿Qué pasó realmente en esta partida?
Wolo.gg analiza cada decisión: build order, eco, micro, errores típicos por bracket. Análisis personalizado por WhatsApp o Discord en 30 segundos.
Guía civ
Sarracenos
Perfil
LMG_HERA DE TEMU